 Dungeon Crawl Stone Soup version 0.27-a0-1228-gfd60fd639a (webtiles) character file.

Game seed: 5740909242962056530

9489 bobarctor the Thaumaturge (level 11, -1/57 HPs)
             Began as a Deep Elf Necromancer on June 7, 2021.
             Was a Believer of Kikubaaqudgha.
             Slain by a wraith (13 damage)
             ... on level 10 of the Dungeon on June 8, 2021.
             The game lasted 01:26:22 (23149 turns).

bobarctor the Thaumaturge (Deep Elf Necromancer)   Turns: 23149, Time: 01:26:23

Health: -1/57      AC:  4    Str:  5    XL:     11   Next: 23%
Magic:  31/31      EV: 14    Int: 24    God:    Kikubaaqudgha [**....]
Gold:   110        SH:  0    Dex: 23    Spells: 19/39 levels left

rFire    . . .     SeeInvis .   o - +5 spear
rCold    . . .     Faith    .   (no shield)
rNeg     . . .     Spirit   .   u - +0 leather armour "Joqu" {Will+ Dex+2}
rPois    .         Reflect  .   (helmet restricted)
rElec    .         Harm     .   X - scarf {shadows}
rCorr    .         Rampage  .   l - +0 pair of gloves
Will     ++++.     Rnd*Tele +   (no boots)
Stlth    +++.......             p - amulet of regeneration
HPRegen  1.19/turn              b - +6 ring of dexterity
MPRegen  0.22/turn              n - ring of willpower

@: slowed, very slow
A: horns 1, strong-willed 1, teleportitis 1
a: Renounce Religion, Receive Corpses


You were on level 10 of the Dungeon.
You worshipped Kikubaaqudgha.
Kikubaaqudgha was pleased with you.
You visited 2 branches of the dungeon, and saw 12 of its levels.

You collected 566 gold pieces.
You spent 456 gold pieces at shops.

Inventory:

Hand Weapons
 o - a +5 spear (weapon)
 y - a +1 vorpal shortbow
 C - a +0 whip of holy wrath
 D - a +1 war axe of freezing
 E - a +0 vorpal flail
 F - a +0 morningstar of protection
 O - a +2 dagger of chaos
 P - a +2 scimitar of flaming
Missiles
 a - 2 boomerangs (quivered)
 d - 184 stones
 h - 2 javelins
 i - 165 arrows
 t - 30 bolts
 x - 4 throwing nets
 A - 8 curare-tipped darts
 G - 7 poisoned darts
Armour
 c - a +1 helmet
 e - a +1 ring mail of cold resistance
 j - a +0 scale mail of willpower
 k - a +3 scale mail of cold resistance
 l - a +0 pair of gloves (worn)
 u - the +0 leather armour "Joqu" (worn) {Will+ Dex+2}
   (You found it on level 4 of the Dungeon)

   It affects your dexterity (+2).
   It increases your willpower.
 B - a +0 ring mail of poison resistance
 I - a +0 scale mail of fire resistance
 Q - a +2 robe of cold resistance
 R - a +0 troll leather armour
 U - +0 acid dragon scales
 X - a scarf of shadows (worn)
Jewellery
 b - a +6 ring of dexterity (left hand)
 g - a ring of flight
 n - a ring of willpower (right hand)
 p - an amulet of regeneration (around neck)
 W - an amulet of magic regeneration
Wands
 z - a wand of iceblast (16)
 S - a wand of flame (21)
 V - a wand of polymorph (9)
Scrolls
 q - 2 scrolls of teleportation
 r - a scroll of magic mapping
 v - a scroll of enchant armour
 J - 3 scrolls of blinking
Potions
 f - 2 potions of brilliance {unknown}
 m - 9 potions of curing
 s - a potion of magic {unknown}
 H - 2 potions of heal wounds {unknown}
 N - a potion of degeneration {unknown}
 T - a potion of haste {unknown}
Miscellaneous
 L - a piece from Xom's chessboard (15/15)


   Skills:
 + Level 1.8 Fighting
 * Level 5.9 Bows
 + Level 4.4 Armour
 + Level 4.2 Dodging
 + Level 3.2 Stealth
 * Level 14.9 Spellcasting
 * Level 11.8 Necromancy
 * Level 2.7 Transmutations
 * Level 2.5 Poison Magic


You had 19 spell levels left.
You knew the following spells:

 Your Spells              Type           Power      Damage    Failure   Level
a - Pain                  Necr           100%       1d9       1%          1
b - Animate Skeleton      Necr           100%       N/A       1%          1
c - Vampiric Draining     Necr           33%        2d10      1%          3
d - Animate Dead          Necr           33%        N/A       1%          4
e - Agony                 Necr           66%        N/A       1%          5
f - Sublimation of Blood  Necr           33%        N/A       1%          2
g - Spider Form           Tmut/Pois      15%        N/A       4%          3
h - Beastly Appendage     Tmut           60%        N/A       1%          1

Your spell library contained the following spells:

 Spells                   Type           Power      Damage    Failure   Level
 Wereblood                Tmut           30%        N/A       2%          2
 Ice Form                 Ice/Tmut       24%        N/A       28%         4
 Hydra Form               Tmut           15%        N/A       41%         5


Dungeon Overview and Level Annotations

Branches:
Dungeon (11/15)            Temple (1/1) D:7             Orc (0/2) D:10
   Lair: D:8-11

Altars:
Ashenzari
Cheibriados
Dithmenos
Elyvilon
Fedhas
Gozag
Hepliaklqana
Kikubaaqudgha
Makhleb
Nemelex Xobeh
Okawaru
Qazlal
Ru
Sif Muna
Trog
Uskayaw
Vehumet
Wu Jian
Xom
Yredelemnul
Zin
The Shining One

Shops:
D:9 **[

Annotations:
D:6 3 runed translucent doors, Vylera's ghost, novice DsIE
D:9 exclusion: obsidian statue, Maurice


Innate Abilities, Weirdness & Mutations

You have a pair of small horns on your head.
You are strong-willed. (Will+)
You are occasionally teleported next to monsters.


Message History

The wraith hits you. The wraith drains your vigour!
You feel as though you will be slow longer.
The wraith hits you. The wraith drains your vigour!
You feel as though you will be slow longer.
The wraith hits you but does no damage. The wraith hits you but does no damage.
The wraith misses you. The wraith hits you! The wraith drains your vigour!
You feel as though you will be slow longer.
The wraith hits you!
* * * LOW HITPOINT WARNING * * *
The wraith hits you.
* * * LOW HITPOINT WARNING * * *
The wraith drains your vigour!
You feel as though you will be slow longer.
The wraith hits you!
* * * LOW HITPOINT WARNING * * *
The wraith drains your vigour!
You feel as though you will be slow longer.
The wraith hits you.
* * * LOW HITPOINT WARNING * * *
The wraith hits you.
* * * LOW HITPOINT WARNING * * *
The wraith drains your vigour!
You feel as though you will be slow longer.
The wraith misses you. The wraith misses you. The wraith misses you.
The wraith misses you. The wraith hits you!
* * * LOW HITPOINT WARNING * * *
The wraith drains your vigour!
You feel as though you will be slow longer.
The wraith hits you!
* * * LOW HITPOINT WARNING * * *
The wraith drains your vigour!
You feel as though you will be slow longer.
The wraith hits you!
You die...
Kikubaaqudgha rasps: "You have failed me!
Welcome... death!"

#.#...#........#..#####..##
#.#...#........#.........#.
#.#...#........#.......###.
#.#...#........#.#######...
#.#...'........#.#.........
#.#...#........###.........
#.#...#....................
#.#...#......######........
###.###+#.>.@..# #........
#............W.# #........
#......#######.# #........
#......#.....#.# #........
#......'.....#.######........
#......#.....#..........#####
#......#######..........#
#..................._...#
#....####################


You could see a wraith.

Vanquished Creatures
  Harold (D:7)
  Erica (D:9)
  Joseph (D:10)
  Psyche (D:9)
  A troll (D:10)
  Prince Ribbit (D:9)
  2 wyverns
  7 yaks
  A basilisk (D:11)
  A steam dragon (D:10)
  2 acid dragons (D:10)
  Edmund (D:6)
  4 water moccasins
  An ice beast (D:7)
  3 sky beasts (D:7)
  3 necrophages
  3 orc warriors
  An ogre (D:5)
  6 centaurs
  2 kobold brigands
  3 bullfrogs
  3 gnoll sergeants
  A scorpion (D:5)
  22 killer bees
  5 wights
  4 howler monkeys
  3 hounds
  A bullfrog skeleton (D:4)
  3 centaur zombies
  3 orc priests
  A gnoll shaman (D:7)
  Terence (D:3)
  3 iguanas
  7 orc wizards
  A killer bee zombie (D:9)
  A howler monkey zombie (D:10)
  26 gnolls
  8 adders
  2 white imps (D:6)
  An ufetubus (D:6)
  2 worms
  3 dart slugs
  14 orcs
  7 ball pythons
  15 bats
  6 endoplasms
  5 giant cockroaches
  A goblin (D:1)
  9 hobgoblins
  10 jackals
  17 kobolds
  5 quokkas
  5 frilled lizards
  4 rats
245 creatures vanquished.

Vanquished Creatures (collateral kills)
  A vampire bat (D:8)
  2 wights (D:8)
3 creatures vanquished.

Vanquished Creatures (others)
  A bush (D:11)
  3 fungi (D:11)
  12 plants
16 creatures vanquished.

Grand Total: 264 creatures vanquished

Notes
Turn   | Place    | Note
-------+----------+-------------------------------------------
     0 | D:1      | bobarctor the Deep Elf Necromancer began the quest for the
                  | Orb.
     0 | D:1      | Reached XP level 1. HP: 10/10 MP: 6/6
   115 | D:1      | Reached skill level 5 in Necromancy
   346 | D:1      | Reached XP level 2. HP: 14/15 MP: 6/8
   883 | D:1      | Reached XP level 3. HP: 13/19 MP: 3/10
  1129 | D:1      | Learned a level 1 spell: Animate Skeleton
  1133 | D:1      | Learned a level 3 spell: Vampiric Draining
  1198 | D:1      | Reached skill level 4 in Spellcasting
  2296 | D:2      | Reached XP level 4. HP: 19/24 MP: 7/12
  2301 | D:2      | Learned a level 4 spell: Animate Dead
  2607 | D:2      | Found a faded altar of an unknown god.
  3185 | D:3      | Reached skill level 5 in Spellcasting
  3334 | D:3      | Noticed Terence
  3340 | D:3      | Killed Terence
  3473 | D:3      | Reached XP level 5. HP: 23/28 MP: 4/15
  4096 | D:4      | Reached skill level 6 in Spellcasting
  4231 | D:4      | Identified the +0 leather armour "Joqu" {Will+ Dex+2}
  4239 | D:4      | Learned a level 5 spell: Agony
  4688 | D:5      | Entered Level 5 of the Dungeon
  4794 | D:5      | Reached XP level 6. HP: 28/32 MP: 13/17
  4947 | D:5      | Noticed a water moccasin
  4956 | D:5      | Killed a water moccasin
  4957 | D:5      | Reached skill level 7 in Spellcasting
  5099 | D:5      | Reached skill level 8 in Spellcasting
  5099 | D:5      | Reached XP level 7. HP: 34/37 MP: 9/20
  5242 | D:5      | Reached skill level 1 in Armour
  5486 | D:5      | Reached skill level 9 in Spellcasting
  6026 | D:4      | Reached skill level 1 in Fighting
  6434 | D:5      | Reached XP level 8. HP: 43/43 MP: 15/23
  6668 | D:6      | Reached skill level 10 in Spellcasting
  6688 | D:6      | Noticed Vylera's ghost (novice DsIE)
  6694 | D:6      | Found a runed translucent gate.
  6694 | D:6      | Found a runed translucent gate.
  6694 | D:6      | Found a runed translucent gate.
  8837 | D:6      | Noticed Edmund
  8847 | D:6      | Killed Edmund
  8848 | D:6      | Reached skill level 11 in Spellcasting
  9032 | D:6      | HP: 2/41 [wight/+0 morningstar of protection (8)]
 12859 | D:7      | Reached XP level 9. HP: 47/47 MP: 17/26
 13077 | D:7      | Found a staircase to the Ecumenical Temple.
 13113 | Temple   | Entered the Ecumenical Temple
 13175 | Temple   | Became a worshipper of Kikubaaqudgha
 13537 | D:7      | Noticed Harold
 13550 | D:7      | Killed Harold
 13551 | D:7      | Reached skill level 12 in Spellcasting
 14530 | D:3      | You fall into a shaft and drop 1 floor!
 17637 | D:4      | Upgraded the game from 0.27-a0-1219-g958d993ae5 to
                  | 0.27-a0-1228-gfd60fd639a
 18455 | D:7      | Reached skill level 10 in Necromancy
 19130 | D:8      | Reached XP level 10. HP: 47/49 MP: 17/28
 19261 | D:8      | Reached skill level 13 in Spellcasting
 19590 | D:8      | Reached * piety under Kikubaaqudgha
 19590 | D:8      | Identified Kikubaaqudgha's Handbook of Unholy Rites
                  | (Kikubaaqudgha gifted it to you on level 8 of the Dungeon)
 19590 | D:8      | Received a gift from Kikubaaqudgha
 19595 | D:8      | Learned a level 2 spell: Sublimation of Blood
 20160 | D:9      | Found Hiocoid's Assorted Antiques.
 20400 | D:9      | Bought a scroll labelled BOPIER ZIBLIGA for 36 gold pieces
 20401 | D:9      | Noticed Prince Ribbit
 20423 | D:9      | Killed Prince Ribbit
 20542 | D:9      | Found Ciutuar's Antique Armour Shoppe.
 20566 | D:9      | Noticed Maurice
 20627 | D:9      | Noticed an obsidian statue
 20813 | D:9      | Found Kekheaf's Assorted Antiques.
 20826 | D:9      | Bought a hardcover book for 420 gold pieces
 20830 | D:9      | Learned a level 3 spell: Spider Form
 20839 | D:9      | Noticed Psyche
 20887 | D:9      | Killed Psyche
 21059 | D:9      | Learned a level 1 spell: Beastly Appendage
 21065 | D:9      | Reached skill level 14 in Spellcasting
 21111 | D:8      | Reached skill level 5 in Bows
 21230 | D:8      | Reached skill level 1 in Transmutations
 21307 | D:9      | Noticed Erica
 21433 | D:9      | Killed Erica
 21434 | D:9      | Reached skill level 1 in Poison Magic
 21583 | D:10     | Entered Level 10 of the Dungeon
 21793 | D:10     | Noticed Joseph
 21836 | D:10     | Reached XP level 11. HP: 45/57 MP: 24/31
 21938 | D:10     | Found a hazy altar of Hepliaklqana.
 22194 | D:10     | Found a staircase to the Orcish Mines.
 22375 | D:10     | Gained mutation: Your flesh is cold resistant. (rC+)
                  | [potion of mutation]
 22375 | D:10     | Gained mutation: You are partially covered in iridescent
                  | scales. (AC +2) [potion of mutation]
 22375 | D:10     | Gained mutation: You are frail. (-10% HP) [potion of
                  | mutation]
 22375 | D:10     | Gained mutation: You have large cloven feet. [potion of
                  | mutation]
 22376 | D:10     | Lost mutation: You are frail. (-10% HP) [potion of
                  | mutation]
 22376 | D:10     | Lost mutation: You have large cloven feet. [potion of
                  | mutation]
 22376 | D:10     | Lost mutation: Your flesh is cold resistant. (rC+) [potion
                  | of mutation]
 22376 | D:10     | Gained mutation: You are frail. (-10% HP) [potion of
                  | mutation]
 22376 | D:10     | Gained mutation: You are occasionally teleported next to
                  | monsters. [potion of mutation]
 22376 | D:10     | Gained mutation: You have a pair of small horns on your
                  | head. [potion of mutation]
 22377 | D:10     | Lost mutation: You are frail. (-10% HP) [potion of
                  | mutation]
 22377 | D:10     | Lost mutation: You are partially covered in iridescent
                  | scales. (AC +2) [potion of mutation]
 22377 | D:10     | Gained mutation: You are strong-willed. (Will+) [potion of
                  | mutation]
 22649 | D:10     | Killed Joseph
 22860 | D:11     | Reached ** piety under Kikubaaqudgha
 23149 | D:10     | Slain by a wraith

Illustrated notes

Levels and vault maps discovered:
D:1:      dpeg_arrival_pits, layout_rooms
D:2:      layout_loops_ring, serial_forest, infiniplex_forest_lined_1,
          infiniplex_forest_straight_2, infiniplex_forest_end_1,
          infiniplex_forest_straight_2, infiniplex_forest_lined_2,
          infiniplex_forest_clump_curved, shapermc_ecumenical_altar_flowoftime
D:3:      layout_basic, serial_curves, eino_curves_01, eino_curves_02,
          portal_sewer_entry_b, st_stairs_9, uniq_terence
D:4:      layout_cave_pools
D:5:      layout_basic
D:6:      layout_rooms, gammafunk_ghost_split, uniq_edmund
D:7:      layout_basic, temple_doors_e, uniq_harold
D:8:      layout_rooms, minmay_misc_feat_chi, amethyst_killhole,
          roderic_batcave, chequers_serial_rivers_micro_c
D:9:      layout_rooms, serial_shops, nicolae_shop_overgrown_old_shop, shop,
          shop, minmay_statue_bubble, uniq_prince_ribbit1, uniq_psyche,
          uniq_maurice, uniq_erica
D:10:     layout_irregular_city, overflow_temple_1_default, orc_0_dummy,
          uniq_joseph
D:11:     layout_big_octagon, minmay_lair_entry_grove
Temple:   compressed_dpeg_circular_temple

Skill      XL: |  1  2  3  4  5  6  7  8  9 10 11 |
---------------+----------------------------------+-----
Necromancy     | 5 6 7 8 10 11 | 11.8
Spellcasting   | 4 5 6 8 9 11 12 14 | 14.9
Armour         | 1 3 4 |  4.4
Fighting       | 1 |  1.8
Dodging        | 3 4 |  4.2
Stealth        | 3 |  3.2
Bows           | 3 5 |  5.9
Transmutations | 1 2 |  2.7
Poison Magic   | 2 |  2.5

Action                   |  1- 3 |  4- 6 |  7- 9 | 10-12 || total
-------------------------+-------+-------+-------+-------++-------
Melee: Dagger            |     6 |     3 |       |       ||     9
       Spear             |       |    20 |   164 |   108 ||   292
       Unarmed           |       |       |       |    27 ||    27
       Kick              |       |       |       |     3 ||     3
       Headbutt          |       |       |       |     4 ||     4
       Whip              |       |       |       |     4 ||     4
 Fire: Shortbow          |       |       |       |     4 ||     4
Throw: Javelin           |       |       |    21 |       ||    21
       Stone             |       |       |     5 |       ||     5
       Boomerang         |       |       |     2 |     3 ||     5
 Cast: Pain              |    85 |    68 |    89 |    60 ||   302
       Vampiric Draining |       |    17 |    97 |   104 ||   218
       Animate Dead      |       |       |     2 |     2 ||     4
       Animate Skeleton  |       |       |     1 |       ||     1
       Agony             |       |       |     2 |     3 ||     5
       Spider Form       |       |       |       |     6 ||     6
       Beastly Appendage |       |       |       |     1 ||     1
Invok: Receive Corpses   |       |       |       |     1 ||     1
  Use: Scroll            |       |     8 |     5 |     5 ||    18
       Potion            |       |       |       |     4 ||     4
Armor: Robe              |     3 |     2 |       |       ||     5
       Leather armour    |       |    13 |    65 |   105 ||   183
       Skin              |       |       |       |     1 ||     1
Dodge: Dodged            |    17 |    25 |   215 |   249 ||   506

Table legend: (Time is in decaauts)
 A = Elapsed time spent in this place.
 B = Non-inter-level travel time spent in this place.
 C = Inter-level travel time spent in this place.
 D = Time resting spent in this place.
 E = Time spent auto-exploring this place.
 F = Levels seen in this place.
 G = Mean time per level.
                   A        B        C        D        E       F      G
               +--------+--------+--------+--------+--------+-----+--------+
         Total |  23272 |  22143 |   1129 |  12740 |   5941 |  12 | 1939.3 |
       Dungeon |  23189 |  22073 |   1116 |  12740 |   5886 |  11 | 2108.1 |
        Temple |     83 |     70 |     13 |      0 |     55 |   1 |   83.0 |
               +--------+--------+--------+--------+--------+-----+--------+

Top non-repeatable levels by time:
     D:5: 7332 daAuts
     D:4: 4196 daAuts
     D:7: 1879 daAuts
     D:8: 1818 daAuts
     D:2: 1813 daAuts
    D:10: 1549 daAuts
     D:1: 1365 daAuts
     D:6: 1298 daAuts
     D:3: 1047 daAuts
     D:9: 824 daAuts
  Temple: 83 daAuts
    D:11: 62 daAuts
